 Dungeon Crawl Stone Soup version 0.29.0-15-g675c0067aa (webtiles) character file.

Game seed: 17890243510138984616

4189 freelancePsychic the Skirmisher (level 10, -12/81 HPs)
             Began as a Meteoran Ice Elementalist on Sept 11, 2022.
             Was a High Priest of Okawaru.
             Killed from afar by an acid dragon (29 damage)
             ... with a splash of acid
             ... on level 9 of the Dungeon.
             The game lasted 00:15:39 (1526 turns).

freelancePsychic the Skirmisher (MeIE)              Turns: 1526, Time: 00:15:39

Health: -12/81     AC:  7    Str: 10    XL:     10   Next: 83%
Magic:  3/15       EV: 20    Int: 16    God:    Okawaru [*****.]
Gold:   180        SH:  0    Dex: 20    Spells: 7/14 levels left

rFire   . . .      SeeInvis .   b - +0 arbalest
rCold   . . .      Faith    .   (shield currently unavailable)
rNeg    . . .      Spirit   .   l - +0 leather armour
rPois   .          Reflect  .   (no helmet)
rElec   .          Harm     .   (no cloak)
rCorr   .          Rampage  .   m - +1 pair of gloves
Will    +....                   e - +0 pair of boots
Stlth   ++........              (no amulet)
HPRegen 0.23/turn               (no ring)
MPRegen 0.14/turn               (no ring)

@: heroic, finesse-ful, freezing walls, very slightly contaminated, glowing
A: sense surroundings 2, otherworldly, glowing, explore regen, frail 1,
MP-powered wands
a: Renounce Religion, Heroism, Finesse, Duel


You were on level 9 of the Dungeon.
You worshipped Okawaru.
Okawaru was extremely pleased with you.
You visited 1 branch of the dungeon, and saw 9 of its levels.

You collected 180 gold pieces.

Inventory:

Hand Weapons
 b - a +0 arbalest (weapon)
 c - a +0 spear
 o - a +3 dagger of freezing
 q - the +10 dagger of the Baking Mosquito {drain, rF++ Stlth+}
   (You found it on level 7 of the Dungeon)

   A truly terrible weapon, it drains the life of any living foe it strikes.
   rF:        It greatly protects you from fire.
   Stlth:     It makes you more stealthy.
Armour
 a - a +0 robe
 e - a +0 pair of boots (worn)
 h - a +0 ring mail
 l - a +0 leather armour (worn)
 m - a +1 pair of gloves (worn)
Jewellery
 g - an amulet of regeneration
Wands
 n - a wand of acid (1)
Scrolls
 d - a scroll of identify {@r1}
 i - a scroll of immolation
 k - 2 scrolls of vulnerability
Potions
 j - a potion of brilliance


   Skills:
 + Level 8.8(13.8) Fighting
 * Level 9.9(14.9) Ranged Weapons
 + Level 7.4(12.4) Dodging
 - Level 1.4(6.4) Stealth
 - Level 2.6 Spellcasting
 - Level 5.3 Ice Magic
 - Level 6.1 Invocations


You had 7 spell levels left.
You knew the following spells:

 Your Spells              Type           Power      Damage    Failure   Level
a - Freeze                Ice            76%        1d9       2%          1
b - Frozen Ramparts       Ice            38%        1d6       9%          3
c - Ozocubu's Armour      Ice            19%        N/A       9%          3

Your spell library contained the following spells:

 Spells                   Type           Power      Damage    Failure   Level
 Ensorcelled Hibernation  Hex/Ice        20%        N/A       13%         2
 Passwall                 Tmut/Erth      1%         N/A       36%         2
 Swiftness                Air            2%         N/A       58%         3
 Hailstorm                Conj/Ice       10%        3d5       63%         4


Dungeon Overview and Level Annotations

Branches:
Dungeon (9/15) Zot: 3844   Temple (0/1) D:6            Lair (0/5) D:9
    Orc: D:9-12

Altars:
Elyvilon
Okawaru
Qazlal
Ru
Wu Jian

Annotations:
D:3 Pikel
D:9 Harold


Innate Abilities, Weirdness & Mutations

You passively map the area around you.
You are easily found by Zot.
You glow in the dark.
You regain HP and MP as you explore.
You are frail. (-10% HP)
You expend magic power (3 MP) to strengthen your wands.


Message History

The wall freezes the acid dragon.
Your attack snaps the acid dragon out of its fear.
Your life force feels restored.
Fire: b) +0 arbalest
Press: ? - help, Shift-Dir - straight line, f - wight
Aim: a wight, wielding a +0 flail and wearing a +0 robe (71% to hit)
You shoot a bolt. The bolt hits the wight!!
You destroy the wight!
Okawaru accepts your kill.
The wall freezes the killer bee but does no damage.
Fire: b) +0 arbalest
Press: ? - help, Shift-Dir - straight line, f - acid dragon
Aim: an acid dragon (lightly wounded, 71% to hit)
You shoot a bolt.
The bolt closely misses the acid dragon.
The bolt closely misses the killer bee.
A centaur comes into view.
The wall freezes the killer bee.
The wall freezes the acid dragon.
The acid dragon bites you!
* * * LOW HITPOINT WARNING * * *
The acid dragon completely misses you.
Okay, then.
Okay, then.
Okay, then.
Fire: b) +0 arbalest
Press: ? - help, Shift-Dir - straight line, f/p - acid dragon
Aim: an acid dragon (lightly wounded, 71% to hit)
You shoot a bolt. The bolt barely misses the acid dragon.
The killer bee closely misses you.
Fire: b) +0 arbalest
Press: ? - help, Shift-Dir - straight line, f/p - acid dragon
Aim: an acid dragon (lightly wounded, 71% to hit)
You shoot a bolt.
The bolt closely misses the acid dragon.
The killer bee barely misses you.
The troll pleads, "Please don't kill me!"
The wall freezes the centaur.
The wall freezes the acid dragon.
The acid dragon spits acid at you. The splash of acid hits you!!
You die...

* * ,** * * *
#######.# .uu. * *
>.......# ..y * , *
*.........##_D ,
#.....T...... * ,,
** #.........#. , *,
, #.........c## ,,,
, #........yD)## *
#.........@..## ,*
#.............##.#.,
, ,
#..................
, ,
#..................
*
#..............>...
**
#...................
,,
#...........[.......
,
#..................
,, ,
#.......)........##*
* ,


You could see a red ugly thing (fleeing), a troll (fleeing), an acid dragon
(catching breath), a centaur and a killer bee.

Vanquished Creatures
  Erica (D:8)
  A two-headed ogre (D:9)
  A cyclops (D:9)
  2 komodo dragons (D:9)
  A kobold demonologist (D:9)
  2 water moccasins
  2 black bears (D:9)
  An orc warrior (D:7)
  2 ogres
  A centaur (D:7)
  A kobold brigand (D:9)
  4 bullfrogs
  3 scorpions
  4 wights
  7 killer bees (D:7)
  A hound (D:7)
  Ijyb (D:4)
  3 orc wizards
  Robin (D:4)
  2 adders
  A worm (D:3)
  13 orcs
  2 ball pythons (D:2)
  2 bats (D:3)
  2 endoplasms
  A giant cockroach (D:4)
  9 goblins
  6 hobgoblins
  4 kobolds
  2 quokkas
  A frilled lizard (D:3)
  4 rats
88 creatures vanquished.

Vanquished Creatures (others)
  22 fungi (D:9)
  37 plants (D:9)
59 creatures vanquished.

Grand Total: 147 creatures vanquished

Notes
Turn   | Place    | Note
-------+----------+-------------------------------------------
     0 | D:1      | freelancePsychic the Meteoran Ice Elementalist began the
                  | quest for the Orb.
     0 | D:1      | Reached XP level 1. HP: 14/14 MP: 5/5
    92 | D:3      | Reached XP level 2. HP: 20/20 MP: 2/6
   126 | D:3      | Reached skill level 5 in Ice Magic
   210 | D:3      | Found an iron altar of Okawaru.
   215 | D:3      | Found a white marble altar of Elyvilon.
   219 | D:3      | Reached XP level 3. HP: 18/26 MP: 4/8
   227 | D:3      | Became a worshipper of Warmaster Okawaru
   242 | D:3      | Learned a level 3 spell: Frozen Ramparts
   246 | D:3      | Learned a level 3 spell: Ozocubu's Armour
   255 | D:4      | Noticed Pikel
   255 | D:4      | Noticed a lemure
   255 | D:4      | Noticed a lemure
   255 | D:4      | Noticed a lemure
   255 | D:4      | Noticed a lemure
   401 | D:2      | Reached skill level 1 in Fighting
   451 | D:3      | Reached skill level 1 in Invocations
   543 | D:4      | Noticed Ijyb
   552 | D:4      | Reached XP level 4. HP: 21/35 MP: 2/9
   555 | D:4      | Killed Ijyb
   586 | D:4      | Noticed Robin
   597 | D:4      | Reached XP level 5. HP: 32/41 MP: 3/10
   597 | D:4      | Killed Robin
   612 | D:5      | Entered Level 5 of the Dungeon
   639 | D:5      | Reached * piety under Okawaru
   650 | D:5      | Noticed a water moccasin
   688 | D:5      | Killed a water moccasin
   689 | D:5      | Reached XP level 6. HP: 45/52 MP: 1/11
   694 | D:5      | Noticed an ogre
   706 | D:5      | Found a stormy altar of Qazlal.
   715 | D:5      | Killed an ogre
   716 | D:5      | Reached skill level 5 in Invocations
   716 | D:5      | Reached XP level 7. HP: 59/59 MP: 3/12
   779 | D:6      | Found a staircase to the Ecumenical Temple.
   793 | D:6      | Found a sacrificial altar of Ru.
   925 | D:6      | Reached ** piety under Okawaru
   926 | D:6      | Reached skill level 5 in Fighting
   965 | D:7      | Reached skill level 1 in Ranged Weapons
   965 | D:7      | Reached XP level 8. HP: 60/68 MP: 9/13
   984 | D:7      | Reached skill level 2 in Ranged Weapons
  1060 | D:7      | Reached skill level 3 in Ranged Weapons
  1068 | D:7      | Reached skill level 4 in Ranged Weapons
  1199 | D:7      | Reached *** piety under Okawaru
  1221 | D:7      | Reached skill level 5 in Ranged Weapons
  1252 | D:7      | Gained mutation: You passively map the area around you.
                  | [Meteoran growth]
  1252 | D:7      | Reached XP level 9. HP: 74/78 MP: 9/14
  1272 | D:7      | Identified the +10 dagger of the Baking Mosquito {drain,
                  | rF++ Stlth+}
  1279 | D:8      | Noticed Erica
  1285 | D:9      | Noticed Harold
  1292 | D:9      | Noticed a two-headed ogre
  1308 | D:8      | Killed Erica
  1308 | D:8      | Reached **** piety under Okawaru
  1309 | D:8      | Reached skill level 7 in Ranged Weapons
  1309 | D:8      | Reached skill level 5 in Dodging
  1371 | D:9      | Noticed a komodo dragon
  1374 | D:9      | Reached XP level 10. HP: 86/88 MP: 10/15
  1376 | D:9      | Killed a komodo dragon
  1377 | D:9      | Reached skill level 8 in Ranged Weapons
  1378 | D:9      | Reached ***** piety under Okawaru
  1380 | D:9      | Noticed a kobold demonologist
  1387 | D:9      | Noticed a smoke demon
  1391 | D:9      | Noticed a komodo dragon
  1392 | D:9      | Killed a kobold demonologist
  1393 | D:9      | Gained mutation: You are frail. (-10% HP) [potion of
                  | mutation]
  1393 | D:9      | Gained mutation: You expend magic power (3 MP) to
                  | strengthen your wands. [potion of mutation]
  1396 | D:9      | HP: 1/79 [burnt (4)]
  1427 | D:9      | Found a staircase to the Lair.
  1457 | D:9      | Killed a two-headed ogre
  1458 | D:9      | Reached skill level 9 in Ranged Weapons
  1458 | D:9      | HP: 4/81 [komodo dragon (19)]
  1485 | D:9      | Killed a komodo dragon
  1506 | D:9      | Noticed a cyclops
  1507 | D:9      | Found an ornate altar of the Wu Jian Council.
  1513 | D:9      | Noticed a red ugly thing
  1522 | D:9      | Killed a cyclops
  1526 | D:9      | Killed from afar by an acid dragon

Illustrated notes

Levels and vault maps discovered:
D:1:      dpeg_arrival_circle_labyrinth_c, layout_basic, basic_ecumenical_altar
D:2:      layout_basic, uniq_terence
D:3:      layout_loops_cross, mainiacjoe_overflow_big_doors, fountainhead
D:4:      layout_basic, gammafunk_ghost_necromancy, mrwooster_statue_mirror,
          uniq_ijyb, uniq_robin, uniq_pikel
D:5:      layout_basic, amcnicky_altar_gilded, kennysheep_slug_shrine,
          portal_sewer_entry_a, nrook_loot_triangle, skrybe_limestone_x,
          uniq_menkaure
D:6:      layout_loops_corners, nicolae_ru_sacrificial_ziggurat, temple_pool_b
D:7:      layout_loops_ring
D:8:      layout_rooms, overflow_temple_1_default, uniq_erica, uniq_maggie
D:9:      layout_long_grid, nemelex_diamond_rough_becter,
          due_lair_maze_entry_diamond, minmay_ruined_shrine, uniq_harold

Skill      XL: |  1  2  3  4  5  6  7  8  9 10 |
---------------+-------------------------------+-----
Ice Magic      | 5 |  5.3
Fighting       | 1 2 3 4 5 6 7 8 |  8.8
Invocations    | 1 2 4 5 6 |  6.1
Ranged Weapons | 1 5 7 9 |  9.9
Dodging        | 3 5 7 |  7.4
Stealth        | |  1.4
Spellcasting   | |  2.6

Action                   |  1- 3 |  4- 6 |  7- 9 | 10-12 || total
-------------------------+-------+-------+-------+-------++-------
Melee: Spear             |     7 |    28 |    23 |       ||    58
 Fire: Shortbow          |       |       |    22 |       ||    22
       Arbalest          |       |       |    29 |    33 ||    62
 Cast: Freeze            |    22 |     3 |     7 |       ||    32
       Frozen Ramparts   |     7 |     8 |    18 |     5 ||    38
       Ozocubu's Armour  |     1 |     3 |    11 |     1 ||    16
Invok: Heroism           |       |       |     3 |     4 ||     7
       Finesse           |       |       |       |     2 ||     2
Evoke: Wand              |       |       |     5 |       ||     5
  Use: Potion            |     2 |       |     1 |     2 ||     5
       Scroll            |     1 |     3 |     5 |     2 ||    11
Armor: Robe              |    12 |       |       |       ||    12
       Leather armour    |       |    13 |    42 |     7 ||    62
Dodge: Dodged            |    24 |    20 |    64 |    20 ||   128
